 Dungeon Crawl Stone Soup version 0.28.0-43-g3370ac3207 (webtiles) character file.

Game seed: 16828208932606928877

167 pkoi the Conjurer (level 5, -1/28 HPs)
             Began as a Deep Elf Conjurer on Mar 7, 2022.
             Slain by a goblin
             ... wielding a +0 club
             ... led by Robin
              (5 damage)
             ... on level 2 of the Dungeon.
             The game lasted 00:03:20 (3263 turns).

pkoi the Conjurer (Deep Elf Conjurer)               Turns: 3263, Time: 00:03:21

Health: -1/28      AC:  2    Str:  4    XL:     5   Next: 23%
Magic:  6/13       EV: 12    Int: 25    God:
Gold:   52         SH:  0    Dex: 13    Spells: 5/12 levels left

rFire   . . .      SeeInvis .   c - +0 short sword
rCold   . . .      Faith    .   (no shield)
rNeg    . . .      Spirit   .   a - +0 robe
rPois   .          Reflect  .   (no helmet)
rElec   .          Harm     .   (no cloak)
rCorr   .          Rampage  .   (no gloves)
Will    .....                   (no boots)
Stlth   ++........              (no amulet)
HPRegen 0.09/turn               (no ring)
MPRegen 0.13/turn               (no ring)

@: no status effects
A: no striking features
a: no special abilities


You were on level 2 of the Dungeon.
You visited 1 branch of the dungeon, and saw 3 of its levels.

You collected 52 gold pieces.

Inventory:

Hand Weapons
 c - a +0 short sword (weapon)
Armour
 a - a +0 robe (worn)
Jewellery
 e - a +6 ring of intelligence
Scrolls
 b - 2 scrolls of identify {unknown}
 d - a scroll of torment {unknown}
 m - a scroll of summoning {unknown}
Potions
 f - 2 potions of curing {unknown}
 g - 2 potions of haste {unknown}
 h - a potion of heal wounds {unknown}
 i - a potion of cancellation {unknown}
 j - a potion of mutation {unknown}
 k - a potion of brilliance {unknown}
 l - a potion of berserk rage {unknown}


   Skills:
 - Level 2.4 Dodging
 - Level 2.4 Stealth
 + Level 4.0 Spellcasting
 * Level 6.4 Conjurations
 * Level 1.9 Translocations


You had 5 spell levels left.
You knew the following spells:

 Your Spells              Type           Power      Damage    Failure   Level
a - Magic Dart            Conj           100%       1d8       1%          1
b - Searing Ray           Conj           74%        2d7       1%          2
c - Iskenderun's Mystic   Conj/Tloc      26%        2d7       16%         4

Your spell library contained the following spells:

 Spells                   Type           Power      Damage    Failure   Level
 Dazzling Flash           Conj/Hex       42%        N/A       8%          3
 Stone Arrow              Conj/Erth      42%        3d9       8%          3
 Corpse Rot               Necr/Air       10%        N/A       14%         2
 Poisonous Vapours        Pois/Air       10%        N/A       14%         2
 Fulminant Prism          Conj/Hex       10%        3d9       24%         4
 Animate Armour           Summ/Erth      10%        N/A       65%         4
 Summon Forest            Summ/Tloc      4%         N/A       86%         5
 Eringya's Noxious Bog    Tmut/Pois      2%         N/A       100%        6
 Summon Hydra             Summ           2%         N/A       100%        7
 Lehudib's Crystal Spear  Conj/Erth      10%        10d4      100%        8


Dungeon Overview and Level Annotations

Branches:
Dungeon (3/15)

Altars:
Gozag
Qazlal

Annotations:
D:3 Robin


Message History

The magic dart hits Robin but does no damage.
Robin is heavily wounded.
The goblin shouts!
You hear a shout!
Robin laughs in a distinctly smug fashion.
Robin roars a battlecry!
The goblins go into a battle-frenzy!
The goblin hits you with a +0 dagger.
* * * LOW HITPOINT WARNING * * *
Unknown command.
The goblin hits you but does no damage. The goblin hits you with a +0 dagger.
* * * LOW HITPOINT WARNING * * *
Robin throws the goblin at you! The goblin barely misses you.
There is an escape hatch in the ceiling here.
You see here a jackal corpse.
The goblin hits you with a +0 club.
* * * LOW HITPOINT WARNING * * *
The goblin hits you with a +0 dagger.
* * * LOW HITPOINT WARNING * * *
A mysterious force pulls you upwards. The hatch slams shut behind you.
Unknown command.
Unknown command.
Casting: Magic Dart (safe; 1% risk of failure)
Confirm with . or Enter, or press ? or * to list all spells.
Okay, then.
Unknown command.
Unknown command.
The goblin hits you with a +0 dagger.
* * * LOW HITPOINT WARNING * * *
Casting: Magic Dart (safe; 1% risk of failure)
Confirm with . or Enter, or press ? or * to list all spells.
Aiming: Searing Ray (safe; 1% risk of failure)
Press: ? - help, Shift-Dir - straight line, f - goblin
Aim: a goblin, wielding a +0 club (strong, 76% to hit)
The searing ray misses the goblin.
The searing ray hits the goblin!
You kill the goblin! (Press . to maintain the ray.)
The goblin hits you with a +0 club.
You die...

.#...#.####....# #.......# #.#
.###.....##....# #.......# #.#
.#.#.....##....# #.......# #.#
.#.............######.......###..
.#.#............................#
.#.#.............................
.)..............................#
.#.#..######.#.####.....#.#.....#
##.#..##.....#..@g).....#.###.###
#.#..##.##########.....#........
#.#..##.############.###..##.###
#.#.>................###..##.#
#.#..#...######........#..##.###
#.#..#.......................#.#
#.#....................##......#
##..).##......##........##....#.#
..######..######........##....#.#


You could see a goblin (strong).

Vanquished Creatures
  Natasha (thrice) (D:2)
  3 adders (D:2)
  A dart slug (D:2)
  5 bats
  3 endoplasms
  5 giant cockroaches
  7 goblins
  4 hobgoblins
  4 jackals (D:3)
  7 kobolds
  4 quokkas
  8 ball pythons
  5 frilled lizards (D:1)
  6 rats
65 creatures vanquished.

Notes
Turn   | Place    | Note
-------+----------+-------------------------------------------
     0 | D:1      | pkoi the Deep Elf Conjurer began the quest for the Orb.
     0 | D:1      | Reached XP level 1. HP: 10/10 MP: 6/6
   211 | D:1      | Reached XP level 2. HP: 15/15 MP: 0/8
   215 | D:1      | Reached skill level 5 in Conjurations
   317 | D:1      | Learned a level 2 spell: Searing Ray
  1079 | D:1      | Reached XP level 3. HP: 19/19 MP: 7/9
  1482 | D:2      | Noticed Natasha
  1486 | D:2      | Killed Natasha
  1534 | D:2      | Reached skill level 6 in Conjurations
  1534 | D:2      | Reached XP level 4. HP: 24/24 MP: 5/11
  1686 | D:2      | Learned a level 4 spell: Iskenderun's Mystic Blast
  1844 | D:2      | Found a stormy altar of Qazlal.
  1996 | D:2      | Noticed Natasha
  1999 | D:2      | Killed Natasha
  2000 | D:2      | Reached skill level 1 in Translocations
  2148 | D:2      | Noticed Natasha
  2153 | D:2      | Killed Natasha
  2154 | D:2      | Reached XP level 5. HP: 28/28 MP: 4/12
  2986 | D:3      | Found an opulent altar of Gozag.
  3225 | D:3      | Noticed Robin
  3263 | D:2      | Slain by a goblin

Illustrated notes

Levels and vault maps discovered:
D:1:      dpeg_arrival_simpleton_c, layout_basic, chequers_serial_rivers_large_b
D:2:      layout_basic, basic_altar, uniq_natasha
D:3:      layout_basic, mainiacjoe_overflow_tiny_flanked, uniq_robin

Skill      XL: |  1  2  3  4  5 |
---------------+----------------+-----
Conjurations   | 5 6 |  6.4
Translocations | 1 |  1.9
Spellcasting   | 4 |  4.0
Dodging        | |  2.4
Stealth        | |  2.4

Action                   |  1- 3 |  4- 6 || total
-------------------------+-------+-------++-------
Melee: Short sword       |     3 |       ||     3
 Cast: Magic Dart        |    59 |    66 ||   125
       Searing Ray       |       |     1 ||     1
Armor: Robe              |       |     2 ||     2
Dodge: Dodged            |     3 |     5 ||     8
